 Dungeon Crawl Stone Soup version 0.29.1-2-gbd0b4ee654 (webtiles) character file.

Game seed: 5156497654849479270

135 GorkyZ the Shield-Bearer (level 5, -1/33 HPs)
             Began as a Gargoyle Fighter on Nov 30, 2022.
             Slain by Natasha (7 damage)
             ... on level 2 of the Dungeon.
             The game lasted 00:03:28 (1536 turns).

GorkyZ the Shield-Bearer (Gargoyle Fighter)         Turns: 1536, Time: 00:03:29

Health: -1/33      AC: 11    Str: 20    XL:     5   Next: 18%
Magic:  5/5        EV:  9    Int:  8    God:
Gold:   41         SH:  4    Dex: 11    Spells: 4/4 levels left

rFire   . . .      SeeInvis .   a - +0 war axe
rCold   . . .      Faith    .   c - +0 buckler
rNeg    + . .      Spirit   .   b - +0 scale mail
rPois   ∞          Reflect  .   (no helmet)
rElec   +          Harm     .   (no cloak)
rCorr   +          Rampage  .   (no gloves)
Will    .....                   (no boots)
Stlth   ..........              (no amulet)
HPRegen 0.11/turn               k - ring of resist corrosion
MPRegen 0.09/turn               (no ring)

@: no status effects
A: sickness immunity, AC +4, negative energy resistance 1, electricity
resistance, torment resistance 1, petrification resistance
a: no special abilities


You were on level 2 of the Dungeon.
You visited 1 branch of the dungeon, and saw 2 of its levels.

You collected 41 gold pieces.

Inventory:

Hand Weapons
 a - a +0 war axe (weapon)
Armour
 b - a +0 scale mail (worn)
 c - a +0 buckler (worn)
Jewellery
 k - a ring of resist corrosion (left hand)
 n - a +6 ring of intelligence
Scrolls
 e - 5 scrolls of teleportation {unknown}
 f - 4 scrolls of identify {unknown}
 i - a scroll of acquirement {unknown}
 j - a scroll of enchant armour {unknown}
 l - a scroll of magic mapping {unknown}
Potions
 d - a potion of might
 g - a potion of heal wounds {unknown}
 h - a potion of mutation {unknown}
 m - a potion of attraction {unknown}


   Skills:
 + Level 3.8 Fighting
 + Level 2.3 Axes
 + Level 1.1 Throwing
 + Level 3.8 Armour
 + Level 1.1 Dodging
 + Level 4.0 Shields
 + Level 1.3 Evocations


You had 4 spell levels left.
You didn't know any spells.
Your spell library contained the following spells:

 Spells                   Type           Power      Damage    Failure   Level
 Beastly Appendage        Tmut           0%         N/A       85%         1
 Sandblast                Erth           0%         2d4       85%         1
 Passwall                 Tmut/Erth      0%         N/A       94%         2
 Wereblood                Tmut           0%         N/A       94%         2
 Spider Form              Tmut/Pois      0%         N/A       99%         3
 Stone Arrow              Conj/Erth      0%         3d7       99%         3
 Petrify                  Tmut/Erth      0%         N/A       100%        4
 Irradiate                Conj/Tmut      0%         3d11      100%        5
 Sublimation of Blood     Necr           Unusable   N/A       N/A         2

Dungeon Overview and Level Annotations

Branches:
Dungeon (2/15)

Altars:
Okawaru

Annotations:
D:2 Natasha


Innate Abilities, Weirdness & Mutations

You are immune to sickness and miasma.
Your stone body is resilient. (AC +4)
You are immune to poison.
You resist negative energy. (rN+)
You are resistant to electric shocks. (rElec)
You are resistant to unholy torment.
You are immune to petrification.


Message History

Natasha growls.
You closely miss Natasha. You miss the goblin.
The goblin hits you but does no damage. Natasha claws you but does no damage.
The goblin barely misses you.
You closely miss Natasha. You barely miss the goblin.
The goblin hits you but does no damage.
Natasha mumbles some strange words.
You feel troubled.
Natasha stares at you and mumbles some strange words.
The magic dart hits you but does no damage.
You block the goblin's attack. Natasha casts a spell at you.
The magic dart hits you. The goblin closely misses you.
You closely miss Natasha. You hit the goblin.
The goblin hits you but does no damage. Natasha claws you but does no damage.
The goblin hits you but does no damage.
You closely miss Natasha. You hit the goblin.
You kill the goblin!
You block Natasha's attack.
Natasha mumbles some strange words.
Natasha shimmers violently.
Natasha claws you.
You hit Natasha but do no damage.
Natasha mumbles some strange words.
You hit Natasha but do no damage. You slash the shadow imp!
Natasha mumbles some strange words.
You feel disoriented.
Natasha mumbles some strange words.
You block the shadow imp's attack.
You closely miss Natasha. You closely miss the shadow imp.
You block Natasha's attack. The shadow imp gestures at you.
Pain shoots through your body!
* * * LOW HITPOINT WARNING * * *
Natasha claws you but does no damage.
You hit Natasha but do no damage. You hit the shadow imp.
You kill the shadow imp!
The shadow imp disappears in a puff of smoke!
Natasha claws you!
You die...

####### #.## ......# ....
#####.# #.## #.# # #.# #. #.#
#..#### ###########
##'#######....######..........
#........####.hr5.....########
#...........)@######.†#####
#.........)..§# #......####
#.....)...))..# #......##..
#........)....# #......##..
#.............# #......'†..
#.............# #......####
#.............# #......# #
#........#.#########......# #
#........#.#..............# #


You could see Natasha, a crimson imp (summoned) and a quokka.

Vanquished Creatures
  Natasha (twice) (D:2)
  Robin (D:2)
  An adder (D:2)
  A worm (D:2)
  2 dart slugs (D:1)
  2 endoplasms (D:1)
  3 giant cockroaches (D:2)
  8 goblins (D:2)
  6 hobgoblins
  4 jackals (D:2)
  5 quokkas
  5 ball pythons
  2 bats
  2 frilled lizards
  7 kobolds
  2 rats
53 creatures vanquished.

Notes
Turn   | Place    | Note
-------+----------+-------------------------------------------
     0 | D:1      | GorkyZ the Gargoyle Fighter began the quest for the Orb.
     0 | D:1      | Reached XP level 1. HP: 14/14 MP: 1/1
   222 | D:1      | Reached XP level 2. HP: 19/19 MP: 2/2
   700 | D:2      | Reached XP level 3. HP: 18/23 MP: 3/3
   843 | D:2      | Noticed Natasha
   846 | D:2      | Killed Natasha
   847 | D:2      | Reached skill level 1 in Evocations
   847 | D:2      | Reached XP level 4. HP: 28/29 MP: 4/4
  1017 | D:2      | Found an iron altar of Okawaru.
  1311 | D:2      | Reached skill level 1 in Dodging
  1392 | D:2      | Noticed Natasha
  1399 | D:2      | Killed Natasha
  1400 | D:2      | Reached skill level 1 in Throwing
  1484 | D:2      | Noticed Robin
  1498 | D:2      | Reached XP level 5. HP: 20/33 MP: 5/5
  1498 | D:2      | Killed Robin
  1500 | D:2      | Reached skill level 4 in Shields
  1526 | D:2      | Noticed Natasha
  1536 | D:2      | Slain by Natasha

Illustrated notes

Levels and vault maps discovered:
D:1:      dpeg_arrival_shelter, layout_rooms
D:2:      layout_basic, basic_altar, uniq_robin, uniq_natasha

Skill      XL: |  1  2  3  4  5 |
---------------+----------------+-----
Axes           | 2 |  2.3
Evocations     | 1 |  1.3
Dodging        | 1 |  1.1
Throwing       | 1 |  1.1
Shields        | 4 |  4.0
Fighting       | |  3.8
Armour         | |  3.8

Action                   |  1- 3 |  4- 6 || total
-------------------------+-------+-------++-------
Melee: War axe           |    63 |    69 ||   132
Armor: Scale mail        |    41 |    55 ||    96
Dodge: Dodged            |    32 |    44 ||    76
Block: Buckler           |    20 |    20 ||    40
